 Dungeon Crawl Stone Soup version 0.29.1-2-gbd0b4ee654 (webtiles) character file.

Game seed: 11381429417632171492

2326 mortz the Conjurer (level 8, -8/58 HPs)
             Began as a Demigod Conjurer on Nov 2, 2022.
             Mangled by an orc warrior
             ... wielding a +0 battleaxe
              (15 damage)
             ... on level 8 of the Dungeon on Nov 3, 2022.
             The game lasted 00:37:27 (7729 turns).

mortz the Conjurer (Demigod Conjurer)               Turns: 7729, Time: 00:37:28

Health: -8/58      AC: 11    Str: 12    XL:     8   Next: 99%
Magic:  19/28      EV: 12    Int: 25    God:
Gold:   448        SH:  0    Dex: 12    Spells: 12/17 levels left

rFire   . . .      SeeInvis .   l - +5 trident "Maenweow" {vorpal, MP+9 Str+2 Int-3 Stlth+}
rCold   . . .      Faith    .   (no shield)
rNeg    + . .      Spirit   .   G - +3 leather armour
rPois   .          Reflect  .   (no helmet)
rElec   .          Harm     .   (no cloak)
rCorr   +          Rampage  .   t - +3 pair of gloves of the Cobbler {-Tele rN+ rCorr Str+2}
Will    .....      NoTele   +   h - +0 pair of boots
Stlth   +++.......              o - amulet of magic regeneration
HPRegen 0.19/turn               n - +4 ring of slaying
MPRegen 0.61/turn               (no ring)

@: no status effects
A: high MP 1, forlorn, divine attributes
a: no special abilities


You were on level 8 of the Dungeon.
You visited 1 branch of the dungeon, and saw 8 of its levels.

You collected 448 gold pieces.

Inventory:

Hand Weapons
 e - a +0 dagger
 g - a +0 dagger
 l - the +5 trident "Maenweow" (weapon) {vorpal, MP+9 Str+2 Int-3 Stlth+}
   (You found it on level 2 of the Dungeon)

   It inflicts extra damage upon your enemies.
   Str:       It affects your strength (+2).
   Int:       It affects your intelligence (-3).
   MP:        It affects your magic capacity (+9).
   Stlth:     It makes you more stealthy.
 r - a +0 short sword
 z - a +1 dagger of draining
Missiles
 u - 2 poisoned darts
 C - 3 javelins
Armour
 h - a +0 pair of boots (worn)
 q - a +0 chain mail of fire resistance
 t - the +3 pair of gloves of the Cobbler (worn) {-Tele rN+ rCorr Str+2}
   (You found it on level 4 of the Dungeon)

   Str:       It affects your strength (+2).
   rN:        It protects you from negative energy.
   -Tele:     It prevents most forms of teleportation.
   rCorr:     It protects you from acid and corrosion.
 x - a +2 pair of gloves
 G - a +3 leather armour (worn)
Jewellery
 n - a +4 ring of slaying (left hand)
 o - an amulet of magic regeneration (around neck)
Wands
 B - a wand of roots (18)
 F - a wand of paralysis (12)
Scrolls
 c - a scroll of enchant weapon
 f - 3 scrolls of immolation
 k - 3 scrolls of teleportation
 y - a scroll of blinking
 D - a scroll of poison
Potions
 a - 2 potions of curing
 b - 4 potions of magic
 d - 2 potions of might
 i - 2 potions of haste
 j - a potion of brilliance
 m - 2 potions of lignification
 p - a potion of mutation {unknown}
 s - 2 potions of attraction
 v - a potion of heal wounds {unknown}
 w - a potion of degeneration {unknown}
 A - a potion of ambrosia {unknown}
 E - 2 potions of cancellation


   Skills:
 - Level 0.7 Fighting
 - Level 1.6 Polearms
 + Level 3.2 Armour
 + Level 3.4 Dodging
 + Level 4.3 Stealth
 * Level 5.0 Spellcasting
 * Level 6.7 Conjurations
 * Level 1.3 Translocations
 * Level 3.1 Transmutations
 * Level 3.0 Earth Magic


You had 12 spell levels left.
You knew the following spells:

 Your Spells              Type           Power      Damage    Failure   Level
a - Magic Dart            Conj           100%       1d8       1%          1
b - Searing Ray           Conj           80%        2d7       1%          2
p - Passwall              Tmut/Erth      17%        N/A       4%          2

Your spell library contained the following spells:

 Spells                   Type           Power      Damage    Failure   Level
 Dazzling Flash           Conj/Hex       46%        N/A       8%          3
 Ensorcelled Hibernation  Hex/Ice        12%        N/A       16%         2
 Spider Form              Tmut/Pois      14%        N/A       17%         3
 Iskenderun's Mystic Bla  Conj/Tloc      26%        2d7       19%         4
 Portal Projectile        Hex/Tloc       18%        N/A       24%         3
 Fulminant Prism          Conj/Hex       11%        3d9       26%         4
 Petrify                  Tmut/Erth      21%        N/A       28%         4
 Call Canine Familiar     Summ           6%         N/A       30%         3
 Swiftness                Air            6%         N/A       30%         3
 Leda's Liquefaction      Hex/Erth       7%         N/A       50%         4
 Anguish                  Hex/Necr       3%         N/A       71%         4
 Agony                    Necr           6%         N/A       96%         5
 Metabolic Englaciation   Hex/Ice        3%         N/A       96%         5
 Silence                  Hex/Air        3%         N/A       96%         5
 Statue Form              Tmut/Erth      14%        N/A       99%         6


Dungeon Overview and Level Annotations

Branches:
Dungeon (8/15) Zot: 26288  Temple (0/1) D:4            Lair (0/5) D:8


Innate Abilities, Weirdness & Mutations

You have an increased reservoir of magic. (+10% MP)
You shall have no god before yourself.
Your divine heritage dramatically boosts your attributes as you level up.


Message History

Your Spellcasting skill increases to level 5!
The searing ray hits the orc warrior.
The orc warrior is heavily wounded.
You finish channelling your searing ray.
Casting: Searing Ray (safe; 1% risk of failure)
Confirm with . or Enter, or press ? or * to list all spells.
Aiming: Searing Ray (safe; 1% risk of failure)
Press: ? - help, Shift-Dir - straight line, f - orc warrior
Aim: an orc warrior, wielding a +0 battleaxe and wearing a +0 plate armour (heavily wounded, 82% to hit)
The searing ray hits the orc warrior.
The orc warrior is heavily wounded. (Press . to maintain the ray.)
The searing ray hits the orc warrior.
The orc warrior is severely wounded.
The orc warrior hits you with a +0 battleaxe!
The searing ray misses the orc warrior.
The orc warrior hits you with a +0 battleaxe!
The searing ray hits the orc warrior.
The orc warrior is severely wounded.
The searing ray hits the orc!
You kill the orc!
You finish channelling your searing ray.
The orc warrior hits you with a +0 battleaxe!
Casting: Searing Ray (safe; 1% risk of failure)
Confirm with . or Enter, or press ? or * to list all spells.
Aiming: Searing Ray (safe; 1% risk of failure)
Press: ? - help, Shift-Dir - straight line, f - orc warrior
Aim: an orc warrior, wielding a +0 battleaxe and wearing a +0 plate armour (severely wounded, 82% to hit)
The searing ray hits the orc warrior but does no damage.
The orc warrior is severely wounded. (Press . to maintain the ray.)
The orc warrior hits you with a +0 battleaxe.
The searing ray hits the orc warrior.
The orc warrior is almost dead.
The orc warrior hits you with a +0 battleaxe!!
* * * LOW HITPOINT WARNING * * *
The searing ray hits the orc warrior but does no damage.
The orc warrior is almost dead.
The orc warrior hits you with a +0 battleaxe!
You die...

# ###...........#..#
#####...........##..#
..##..###....#####..#
>..).## #....####...#
....)####......#...#
.........#..##....##
...#####....######.###
..##)..##....####....###
..#?.∩55#...)..o@........
..##.$.##...#####.....###
...### #...## ##.....#
...........# #.....#
.......o#..# ##....#
......h.#..o ....#
............ ..... ......
.o.. ...# ...... ....


You could see an orc warrior.

Vanquished Creatures
  Pikel (D:8)
  3 sky beasts
  A black bear (D:8)
  A centaur (D:6)
  A lemure (D:8)
  A bullfrog (D:6)
  A necrophage (D:5)
  A scorpion (D:5)
  8 killer bees
  A howler monkey (D:6)
  4 hounds
  A jelly (D:6)
  5 orc priests
  A gnoll bouda (D:7)
  5 iguanas
  6 orc wizards
  3 gnolls (D:7)
  9 adders
  2 shadow imps
  A white imp (D:7)
  An ufetubus (D:4)
  A worm (D:2)
  2 dart slugs (D:4)
  15 orcs
  6 ball pythons
  7 endoplasms
  2 giant cockroaches
  8 goblins
  9 hobgoblins
  10 jackals
  2 quokkas
  3 bats
  2 frilled lizards (D:1)
  3 kobolds
  4 rats
131 creatures vanquished.

Notes
Turn   | Place    | Note
-------+----------+-------------------------------------------
     0 | D:1      | mortz the Demigod Conjurer began the quest for the Orb.
     0 | D:1      | Reached XP level 1. HP: 14/14 MP: 5/5
   227 | D:1      | Reached skill level 4 in Conjurations
   266 | D:1      | Reached XP level 2. HP: 20/20 MP: 4/7
   409 | D:1      | Learned a level 2 spell: Searing Ray
  1300 | D:2      | Reached XP level 3. HP: 23/26 MP: 2/8
  1893 | D:2      | Identified the +5 trident "Maenweow" {vorpal, MP+9 Str+2
                  | Int-3 Stlth+}
  1993 | D:2      | Reached XP level 4. HP: 33/33 MP: 9/9
  2848 | D:3      | Reached skill level 5 in Conjurations
  3327 | D:4      | Found a staircase to the Ecumenical Temple.
  3358 | D:4      | Identified the +3 pair of gloves of the Cobbler {-Tele rN+
                  | rCorr Str+2}
  3969 | D:5      | Entered Level 5 of the Dungeon
  4004 | D:4      | Reached XP level 5. HP: 33/38 MP: 11/11
  4013 | D:4      | Reached skill level 1 in Polearms
  4281 | D:5      | Reached skill level 1 in Armour
  4362 | D:5      | Reached XP level 6. HP: 40/46 MP: 13/13
  4540 | D:5      | Learned a level 2 spell: Passwall
  4837 | D:5      | Reached skill level 1 in Earth Magic
  4839 | D:5      | Reached skill level 1 in Transmutations
  4839 | D:5      | Reached XP level 7. HP: 39/51 MP: 15/15
  4923 | D:5      | HP: 2/51 [poisoned by a killer bee]
  5884 | D:6      | Reached skill level 6 in Conjurations
  5926 | D:6      | Reached XP level 8. HP: 58/58 MP: 17/17
  7252 | D:8      | Noticed Pikel
  7269 | D:8      | Killed Pikel
  7270 | D:8      | Reached skill level 1 in Translocations
  7633 | D:8      | Found a staircase to the Lair.
  7722 | D:8      | Reached skill level 5 in Spellcasting
  7729 | D:8      | Mangled by an orc warrior

Illustrated notes

Levels and vault maps discovered:
D:1:      erik_arrival_blinker_ship, layout_basic,
          hellmonk_ecumenical_altar_slurped_away, kennysheep_minor_cross,
          dreamdust_princess_bridge
D:2:      layout_rooms, corner_web_ring, minmay_octomino_c4
D:3:      layout_basic
D:4:      layout_cave_pools, lemuel_coloured_pillars_altar,
          mainiacjoe_overflow_alcove_1, mainiacjoe_overflow_brackets,
          minmay_temple_entry_sparse_star
D:5:      layout_gridville
D:6:      layout_loops_cross, grunt_temple_overflow_gold_and_silver,
          lemuel_blue_sif_altar, nicolae_ru_great_annihilating_truth,
          minmay_misc_feat_more_columns
D:7:      layout_basic, nicolae_kikubaaqudgha_miasma_corner, elyvilon_altar_3
D:8:      cheibrodos_quashed, layout_layer_cave, lair_entry_dummy,
          corexii_checkpoint_b, minivault_4, minmay_the_grid_2x2
          [minmay_the_grid_diamond_grid, minmay_the_grid_paths,
          minmay_the_grid_x, minmay_the_grid_prize_four_corners], uniq_maggie,
          uniq_pikel, uniq_prince_ribbit1

Skill      XL: |  1  2  3  4  5  6  7  8 |
---------------+-------------------------+-----
Conjurations   | 4 5 6 |  6.7
Stealth        | 2 3 4 |  4.3
Spellcasting   | 2 3 5 |  5.0
Dodging        | 2 3 |  3.4
Polearms       | 1 |  1.6
Armour         | 1 2 3 |  3.2
Earth Magic    | 1 2 3 |  3.0
Transmutations | 1 2 3 |  3.1
Translocations | 1 |  1.3
Fighting       | |  0.7

Action                   |  1- 3 |  4- 6 |  7- 9 || total
-------------------------+-------+-------+-------++-------
Melee: Dagger            |     1 |       |       ||     1
       Trident           |     1 |    29 |    12 ||    42
 Cast: Magic Dart        |    55 |    38 |    41 ||   134
       Searing Ray       |     9 |    21 |    36 ||    66
Evoke: Wand              |       |       |     2 ||     2
  Use: Scroll            |     4 |    10 |     2 ||    16
 Stab: Sleeping          |     2 |     9 |     6 ||    17
       Paralysed         |       |       |     1 ||     1
Armor: Robe              |     2 |     2 |       ||     4
       Leather armour    |       |    37 |    24 ||    61
Dodge: Dodged            |    11 |    38 |    46 ||    95
